 Dungeon Crawl Stone Soup version 0.19.1 (webtiles) character file.

5672 Lovchig the Cleaver (level 10, -1/81 HPs)
             Began as a Deep Dwarf Fighter on Dec 16, 2016.
             Was a Priest of Hepliaklqana.
             Slain by Grum
             ... wielding a +1 spear
              (7 damage)
             ... on level 9 of the Dungeon.
             The game lasted 00:24:49 (5399 turns).

Lovchig the Cleaver (Deep Dwarf Fighter)            Turns: 5399, Time: 00:24:50

Health: -1/81      AC: 16    Str: 28    XL:     10   Next: 47%
Magic:  8/8        EV: 11    Int:  9    God:    Hepliaklqana [***...]
Gold:   545        SH:  0    Dex: 14    Spells: 0 memorised, 9 levels left

rFire  + . .     SeeInvis .     a - +3 war axe
rCold  . . .     Gourm    .     p - +0 plate armour
rNeg   + . .     Faith    .     c - +1 shield
rPois  .         Spirit   .     v - +0 helmet
rElec  .         Reflect  .     (no cloak)
rCorr  .         Harm     .     A - +0 pair of gloves
MR     +....                    (no boots)
Stlth  ..........               s - amulet of magic regeneration
                                u - ring of positive energy
                                n - ring of protection from fire

@: confused, mighty, non-regenerating
A: damage resistance, recharge devices, reduced essence, repulsion field 1, thin
skeletal structure 1, sense surroundings 3, slow regeneration 3
a: Device Recharging, Recall Ancestor, Ancestor Identity, Transference, Renounce
Religion


You were on level 9 of the Dungeon.
You worshipped Hepliaklqana.
Hepliaklqana was most pleased with you.
You were not hungry.

You visited 1 branch of the dungeon, and saw 9 of its levels.
You also visited: Ossuary.

You collected 545 gold pieces.

Inventory:

Hand Weapons
 a - a +3 war axe (weapon)
Armour
 c - a +1 shield (worn)
 p - a +0 plate armour (worn)
 v - a +0 helmet (worn)
 A - a +0 pair of gloves (worn)
Jewellery
 n - a ring of protection from fire (left hand)
 s - an amulet of magic regeneration (around neck)
 u - a ring of positive energy (right hand)
Wands
 e - a wand of heal wounds (0/9)
 g - a wand of random effects (26/48)
 h - a wand of slowing (21/48)
Scrolls
 i - a scroll of amnesia
 q - 4 scrolls of remove curse
 t - 4 scrolls of teleportation
 y - a scroll of recharging
Potions
 l - 10 potions of curing
 m - 2 potions of brilliance
 w - 2 potions of magic
 x - 2 potions of haste
 z - 2 potions of flight {unknown}
 B - 2 potions of heal wounds {unknown}
 E - a potion of resistance {unknown}
Comestibles
 b - 6 beef jerkies
 f - 12 bread rations
 j - 5 chunks of flesh
 k - a slice of pizza
 o - 3 fruits
 r - 2 meat rations


   Skills:
 * Level 5.7 Fighting
 * Level 11.1 Axes
 * Level 7.6 Armour
 * Level 5.7 Dodging
 * Level 8.3 Shields


You had 9 spell levels left.
You didn't know any spells.

Dungeon Overview and Level Annotations

Branches:
Dungeon (9/15)             Temple (0/1) D:6             Orc (0/2) D:9
   Lair: D:8-11

Altars:
Cheibriados
Dithmenos
Gozag
Hepliaklqana
Nemelex Xobeh
Okawaru
Uskayaw

Annotations:
D:9 Erica, Grum


Innate Abilities, Weirdness & Mutations

You are resistant to damage.
You can recharge devices by infusing magical energy.
You passively map a large area around you.
You do not regenerate.
Your life essence is reduced. (-10% HP)
You are surrounded by a mild repulsion field. (EV +2)
You have a somewhat thin skeletal structure. (Dex +2, Stealth)


Message History

The yak gores you.
Evoke which item? (* to show all) (? for menu, Esc to quit)
Zapping:
e - a wand of heal wounds (2/9)
Press: ? - help, Shift-Dir - straight line, f - you You heal the yak.
The yak is lightly wounded.
This wand has 1 charge left.
The yak gores you but does no damage.
Grum hits you from afar with an enchanted spear!
* * * LOW HITPOINT WARNING * * *
The basilisk bites you. The yak barely misses you. x2
You hear some strange, mumbled words.
Something tries to affect you, but you resist.
The yak gores you but does no damage.
Evoke which item? (* to show all) (? for menu, Esc to quit)
Zapping:
e - a wand of heal wounds (1/9)
Press: ? - help, Shift-Dir - straight line, f - you Nothing appears to happen.
This wand has 0 charges left.
The yak gores you but does no damage.
Grum hits you from afar with an enchanted spear!
You die...

* * , , * ..... ,,
...... , , , , ......
...$.., , ..... ......
,,, , * *.. #...*
###P..... ,, , , ,
**..##...###....P... ,
...........g.♣....
.........†YY..P... ,,,
, > ,.........{@Y......
* ### ###....##lY......
, *
,.._####....##....P...,
* ............#...?....
, ,,
............#........,
,, *
,..........#........ **
..........#.....#.. **
* . ###....###...#####*
..###....###...##


You could see Grum, 4 yaks and a basilisk.

Vanquished Creatures
  The ghost of SeriousVitamin the Changer, an amateur HuTm of Okawaru (D:3)
  3 hippogriffs
  Sigmund (D:4)
  7 yaks (D:9)
  4 porcupines (D:9)
  A necrophage (D:7)
  2 orc warriors (D:8)
  A wolf (D:9)
  2 ogres
  3 crocodiles (D:9)
  3 bullfrogs
  3 water moccasin zombies (Ossuary)
  2 scorpions
  2 bullfrog zombies
  3 hounds
  An orc priest (D:6)
  2 centaur skeletons
  Jessica (D:8)
  A bullfrog skeleton (D:8)
  An iguana (D:5)
  2 orc wizards
  2 worker ants (D:8)
  3 big kobold zombies (Ossuary)
  A hound zombie (D:5)
  A mummy (Ossuary)
  A howler monkey zombie (D:6)
  12 adders
  3 gnolls (D:2)
  2 river rats (D:9)
  2 shadow imps
  2 oozes
  An adder zombie (Ossuary)
  3 worms
  2 dart slugs
  6 leopard geckos
  22 orcs
  5 bats
  6 giant cockroaches
  9 goblins
  7 hobgoblins
  3 jackals (D:6)
  A quokka (D:3)
  3 frilled lizards
  4 hobgoblin zombies (Ossuary)
  9 kobolds
  4 kobold zombies (Ossuary)
  An orc zombie (Ossuary)
  4 rats
165 creatures vanquished.

Vanquished Creatures (collateral kills)
  Pikel (D:9)
  A porcupine (D:9)
  An ice beast (D:7)
  A slave (D:9)
  A centaur (D:6)
  3 bullfrogs
  A water moccasin zombie (Ossuary)
  2 electric eels
  A crimson imp (D:9)
  A centaur zombie (D:6)
  A quasit (D:6)
  A jelly (D:7)
  An orc priest (D:8)
  A hound (D:6)
  2 orc wizards (D:8)
  2 worker ants
  A mummy (Ossuary)
  A howler monkey zombie (D:7)
  A worker ant zombie (D:8)
  An adder (D:4)
  An ooze (D:3)
  5 adder zombies (Ossuary)
  A worm (D:7)
  An orc (D:8)
  A goblin (D:3)
  A jackal (D:6)
  A bat (D:3)
  A hobgoblin zombie (Ossuary)
  A quokka skeleton (D:4)
  A rat (D:3)
39 creatures vanquished.

Vanquished Creatures (others)
  A slave (D:9)
  A battlemage (D:9)
  An ancestor (D:5)
  A fungus (D:9)
  A plant (D:9)
5 creatures vanquished.

Grand Total: 209 creatures vanquished

Notes
Turn   | Place    | Note
-------+----------+-------------------------------------------
     0 | D:1      | Lovchig the Deep Dwarf Fighter began the quest for the Orb.
     0 | D:1      | Reached XP level 1. HP: 20/20 MP: 1/1
    79 | D:1      | Reached XP level 2. HP: 24/27 MP: 2/2
   434 | D:1      | Reached XP level 3. HP: 25/34 MP: 3/3
   640 | D:2      | Found a shadowy altar of Dithmenos.
   655 | D:2      | Found an iron altar of Okawaru.
   663 | D:2      | Reached skill level 1 in Dodging
   666 | D:2      | Reached skill level 3 in Axes
   666 | D:2      | Reached XP level 4. HP: 25/42 MP: 4/4
   960 | D:2      | Found a hazy altar of Hepliaklqana.
  1200 | D:2      | Became a worshipper of Hepliaklqana the Forgotten
  1221 | D:3      | Found a faded altar of an unknown god.
  1495 | D:3      | Reached XP level 5. HP: 27/44 MP: 5/5
  1600 | D:3      | Noticed SeriousVitamin's ghost (amateur HuTm)
  1625 | D:3      | Killed SeriousVitamin's ghost
  1625 | D:3      | Reached skill level 4 in Axes
  1625 | D:3      | Reached XP level 6. HP: 37/50 MP: 6/6
  1858 | D:4      | Noticed Sigmund
  1859 | D:4      | Reached * piety under Hepliaklqana
  1874 | D:4      | Killed Sigmund
  1874 | D:4      | Reached skill level 5 in Axes
  1874 | D:4      | Reached skill level 5 in Armour
  1874 | D:4      | Reached skill level 5 in Shields
  1874 | D:4      | Reached XP level 7. HP: 34/55 MP: 7/7
  2167 | D:5      | Entered Level 5 of the Dungeon
  2418 | D:5      | Reached skill level 6 in Axes
  2476 | D:5      | Noticed a hippogriff
  2486 | D:5      | Killed a hippogriff
  2486 | D:5      | Reached XP level 8. HP: 36/64 MP: 8/8
  2901 | D:6      | Reached ** piety under Hepliaklqana
  2902 | D:6      | Remembered your ancestor Arsinoe as a battlemage
  2987 | D:6      | Reached skill level 7 in Axes
  3397 | D:6      | Found a staircase to the Ecumenical Temple.
  3502 | D:7      | Gained mutation: You passively map the area around you. [potion of mutation]
  3502 | D:7      | Gained mutation: You have a somewhat thin skeletal structure. (Dex +2, Stealth) [potion of mutation]
  3503 | D:7      | Gained mutation: Your spells are a little harder to cast, but a little more powerful. [potion of mutation]
  3503 | D:7      | Lost mutation: Your spells are a little harder to cast, but a little more powerful. [potion of mutation]
  3503 | D:7      | Gained mutation: You are surrounded by a mild repulsion field. (EV +2) [potion of mutation]
  3504 | D:7      | Gained mutation: You evolve. [potion of beneficial mutation]
  3535 | D:7      | Noticed a hippogriff
  3541 | D:7      | Killed a hippogriff
  3541 | D:7      | Reached skill level 8 in Axes
  3628 | D:7      | Gained mutation: You passively map a large area around you. [Deep Dwarf growth]
  3628 | D:7      | Reached XP level 9. HP: 50/70 MP: 9/9
  3714 | D:7      | Found a hide-covered altar of Uskayaw.
  3833 | D:7      | Found a sand-covered staircase.
  3842 | Ossuary  | Entered an ossuary
  3933 | Ossuary  | Reached skill level 9 in Axes
  4116 | D:7      | Found a snail-covered altar of Cheibriados.
  4196 | D:7      | Reached *** piety under Hepliaklqana
  4471 | D:8      | Reached skill level 5 in Fighting
  4699 | D:8      | Lost mutation: You evolve. [evolution]
  5099 | D:8      | Reached skill level 5 in Dodging
  5119 | D:8      | Found a sparkling altar of Nemelex Xobeh.
  5119 | D:8      | Noticed Jessica
  5121 | D:8      | Killed Jessica
  5121 | D:8      | Reached skill level 10 in Axes
  5321 | D:9      | Noticed Pikel
  5334 | D:9      | Killed Pikel
  5335 | D:9      | Found an opulent altar of Gozag.
  5365 | D:9      | Noticed Grum
  5367 | D:9      | Reached XP level 10. HP: 40/79 MP: 8/8
  5376 | D:9      | Noticed Erica
  5383 | D:9      | Reached skill level 11 in Axes
  5399 | D:9      | Slain by Grum

Skill      XL: |  1  2  3  4  5  6  7  8  9 10 |
---------------+-------------------------------+-----
Fighting       | 3 4 5 |  5.7
Dodging        | 1 2 3 4 5 |  5.7
Axes           | 3 4 5 6 8 10 11 | 11.1
Armour         | 4 5 6 7 |  7.6
Shields        | 4 5 6 7 8 |  8.3

Action                   |  1- 3 |  4- 6 |  7- 9 | 10-12 || total
-------------------------+-------+-------+-------+-------++-------
Melee: War axe           |    75 |   126 |   349 |    18 ||   568
Invok: Recall Ancestor   |       |       |     1 |       ||     1
       Ancestor Life: Ba |       |       |     1 |       ||     1
 Abil: Device Recharging |       |       |     2 |       ||     2
Evoke: Wand              |       |     2 |     9 |     6 ||    17
  Use: Scroll            |       |     7 |    15 |       ||    22
       Potion            |       |       |     3 |     1 ||     4
 Stab: Distracted        |       |     1 |       |     1 ||     2
  Eat: Chunk             |       |     3 |    12 |       ||    15
Armor: Scale mail        |    36 |    49 |    68 |       ||   153
       Chain mail        |       |       |    38 |       ||    38
       Plate armour      |       |       |    24 |    54 ||    78
Dodge: Dodged            |    33 |    36 |   129 |    46 ||   244
Block: Shield            |    41 |    65 |   202 |    37 ||   345
